 Dungeon Crawl Stone Soup version 0.21-a0-314-gb3271ec (webtiles) character file.

89 vatarom the Quickloader (level 4, -1/39 HPs)
             Began as a Gnoll Hunter on Sept 29, 2017.
             Killed by nerve-wracking pain
             ... invoked by an orc priest
              (12 damage)
             ... on level 3 of the Dungeon.
             The game lasted 00:03:12 (1234 turns).

vatarom the Quickloader (Gnoll Hunter)              Turns: 1234, Time: 00:03:14

Health: -1/39      AC:  5    Str: 16    XL:     4   Next: 55%
Magic:  5/5        EV: 14    Int: 13    God:
Gold:   136        SH:  0    Dex: 15    Spells: 5/5 levels left

rFire    . . .     SeeInvis .   b - +0 short sword
rCold    . . .     Gourm    .   (no shield)
rNeg     . . .     Faith    .   c - +1 leather armour
rPois    .         Spirit   .   j - +0 helmet
rElec    .         Reflect  .   (no cloak)
rCorr    .         Harm     .   (no gloves)
MR       .....                  (no boots)
Stlth    +.........             (no amulet)
HPRegen  0.13/turn              (no ring)
MPRegen  0.09/turn              (no ring)

@: confused
A: distributed training, fangs 1, strong nose
a: no special abilities


You were on level 3 of the Dungeon.
You were hungry.

You visited 1 branch of the dungeon, and saw 3 of its levels.

You collected 136 gold pieces.

Inventory:

Hand Weapons
 a - a +1 hand crossbow
 b - a +0 short sword (weapon)
Missiles
 d - 23 bolts
Armour
 c - a +1 leather armour (worn)
 j - a +0 helmet (worn)
Scrolls
 h - 2 scrolls of teleportation
 k - a scroll of remove curse
Potions
 i - a potion of cancellation
Comestibles
 f - 3 bread rations
 g - 5 royal jellies
 m - 2 meat rations


   Skills:
 + Level 5.3 Fighting
 + Level 0.8 Short Blades
 + Level 1.3 Long Blades
 + Level 1.7 Axes
 + Level 0.8 Maces & Flails
 + Level 0.0 Polearms
 + Level 0.0 Staves
 + Level 1.3 Slings
 + Level 1.3 Bows
 + Level 8.5 Crossbows
 + Level 0.0 Throwing
 + Level 1.3 Armour
 + Level 4.7 Dodging
 + Level 3.1 Stealth
   Level 0.0 Stabbing
 + Level 1.7 Shields
   Level 0.0 Traps
 + Level 0.0 Unarmed Combat
 + Level 1.3 Spellcasting
 + Level 0.8 Conjurations
 + Level 0.8 Hexes
 + Level 1.3 Charms
 + Level 1.7 Summonings
 + Level 0.0 Necromancy
 + Level 0.8 Translocations
 + Level 0.8 Transmutations
 + Level 0.8 Fire Magic
 + Level 1.7 Ice Magic
 + Level 0.8 Air Magic
 + Level 1.3 Earth Magic
 + Level 0.0 Poison Magic
 + Level 0.0 Invocations
 + Level 0.0 Evocations


You had 5 spell levels left.
You didn't know any spells.

Dungeon Overview and Level Annotations

Branches:
Dungeon (3/15)

Altars:
Uskayaw
Yredelemnul
Zin


Innate Abilities, Weirdness & Mutations

Your experience applies equally to all skills.
You have very sharp teeth.
Your uncanny sense of smell can sniff out nearby items.


Message History

The orc priest invokes the aid of Beogh against you.
You barely resist. You hit the orc priest.
The orc priest is severely wounded.
The orc closely misses you. The orc priest hits you.
You hit the orc priest but do no damage.
You bite the orc priest, but do no damage.
The orc priest is severely wounded.
The orc hits you with a short sword.
The orc priest calls down the wrath of Beogh upon you.
Beogh smites you!
* * * LOW HITPOINT WARNING * * *
It was a potion of ambrosia.
You are confused.
You feel invigorated.
You recover from your berserk rage.
The orc completely misses you.
The orc priest invokes the aid of Beogh against you.
Pain shoots through your body!
You die...

..# #.# #.# ## ###
#.### #. . ..
#.#.##########. .o. #.
#..............
#..##.###)......######.
#.........#####.######.
.#..o@.#.# #......(.
#...o...# #..#####.
#.....#.# #..# #.
##...##.#####..#####.
######.........##...
##.....##.......
##.......#..P.P..
#............_...
+...........P.P..


You could see an orc priest and 2 orcs.

Vanquished Creatures
  2 adders (D:3)
  2 worms (D:2)
  3 dart slugs
  2 leopard geckos (D:2)
  An orc (D:3)
  3 giant cockroaches
  4 goblins
  10 hobgoblins
  2 jackals (D:3)
  7 kobolds
  A quokka (D:2)
  A ball python (D:2)
  8 bats
  2 frilled lizards
  6 rats
54 creatures vanquished.

Notes
Turn   | Place    | Note
-------+----------+-------------------------------------------
     0 | D:1      | vatarom the Gnoll Hunter began the quest for the Orb.
     0 | D:1      | Reached XP level 1. HP: 20/20 MP: 1/1
    70 | D:1      | Reached skill level 1 in Earth Magic
    73 | D:1      | Reached XP level 2. HP: 26/26 MP: 3/3
    99 | D:1      | Reached skill level 1 in Spellcasting
   298 | D:1      | Reached skill level 5 in Fighting
   436 | D:2      | Noticed a dagger
   436 | D:2      | Noticed a dagger
   437 | D:2      | Found a hide-covered altar of Uskayaw.
   483 | D:2      | Reached XP level 3. HP: 33/33 MP: 4/4
   496 | D:2      | Reached skill level 1 in Charms
   638 | D:2      | Reached skill level 1 in Ice Magic
   649 | D:2      | Reached skill level 1 in Axes
   708 | D:2      | Found a glowing silver altar of Zin.
   808 | D:2      | Reached skill level 1 in Armour
   968 | D:3      | Reached skill level 1 in Summonings
   968 | D:3      | Reached XP level 4. HP: 39/39 MP: 5/5
   973 | D:3      | Reached skill level 1 in Shields
   974 | D:3      | Reached skill level 1 in Slings
   983 | D:3      | Reached skill level 1 in Bows
  1161 | D:3      | Found a basalt altar of Yredelemnul.
  1167 | D:3      | Reached skill level 1 in Long Blades
  1234 | D:3      | Killed from afar by an orc priest

Vault maps used:
D:1:      lemuel_arrival_river_ford
D:2:      dancing_weapons_uskayaw, lemuel_doored_altar, st_stairs_4
D:3:      yredelemnul_altar_generic

Skill      XL: |  1  2  3  4 |
---------------+-------------+-----
Earth Magic    | 1 |  1.3
Spellcasting   | 1 |  1.3
Fighting       | 5 |  5.3
Charms         | 1 |  1.3
Ice Magic      | 1 |  1.7
Axes           | 1 |  1.7
Armour         | 1 |  1.3
Summonings     | 1 |  1.7
Shields        | 1 |  1.7
Slings         | 1 |  1.3
Bows           | 1 |  1.3
Long Blades    | 1 |  1.3
Stealth        | 3 |  3.1
Short Blades   | |  0.8
Maces & Flails | |  0.8
Crossbows      | |  8.5
Dodging        | |  4.7
Conjurations   | |  0.8
Hexes          | |  0.8
Translocations | |  0.8
Transmutations | |  0.8
Fire Magic     | |  0.8
Air Magic      | |  0.8

Action                   |  1- 3 |  4- 6 || total
-------------------------+-------+-------++-------
Melee: Short sword       |       |    21 ||    21
       Bite              |       |     3 ||     3
 Fire: Hand crossbow     |    80 |    20 ||   100
  Use: Scroll            |     8 |       ||     8
       Potion            |       |     4 ||     4
Armor: Leather armour    |     5 |     5 ||    10
Dodge: Dodged            |     9 |    36 ||    45

Table legend:
 A = Spawn XP
 B = Non-spawn XP
 C = Spawn XP percentage of total XP
 D = Spawn monster count
 E = Non-spawn monster count
 F = Spawn count percentage of total count
 G = Total turns spent on level
                    A         B        C        D         E        F      G
               +---------+---------+-------+---------+---------+-------+---------
         Total |       0 |     128 |   0.0 |       0 |      54 |   0.0 |  1234
               +---------+---------+-------+---------+---------+-------+---------
           D:1 |       0 |      30 |   0.0 |       0 |      17 |   0.0 |   436
           D:2 |       0 |      48 |   0.0 |       0 |      25 |   0.0 |   514
           D:3 |       0 |      50 |   0.0 |       0 |      12 |   0.0 |   284
               +---------+---------+-------+---------+---------+-------+---------
